 Dungeon Crawl Stone Soup version 0.17.1-2-g5865329 (webtiles) character file.

45048 Jobasha the Nimble (level 13, -1/111 HPs)
             Began as a Minotaur Gladiator on Jan 25, 2016.
             Was a High Priest of Nemelex Xobeh.
             Killed from afar by a storm dragon (39 damage)
             ... with a bolt of lightning
             ... on level 14 of the Dungeon on Jan 26, 2016.
             The game lasted 02:43:33 (18656 turns).

Jobasha the Nimble (Minotaur Gladiator)            Turns: 18656, Time: 02:43:34

Health: -1/111     AC: 20    Str: 22    XL:     13   Next: 99%
Magic:  13/13      EV: 13    Int:  7    God:    Nemelex Xobeh [*****.]
Gold:   464        SH: 17    Dex: 14    Spells: 0 memorised, 12 levels left

rFire  . . .     SeeInvis +     z - +6 long sword
rCold  . . .     Clarity  .     X - +1 chain mail "Cual" {rPois Slay+4}
rNeg   . . .     SustAt   .     k - +0 large shield
rPois  +         Gourm    .     (helmet unavailable)
rElec  .         Spirit   .     E - +1 cloak {rPois}
rCorr  .         Warding  .     L - +0 pair of gloves
rMut   .         Stasis   .     J - +0 pair of boots {Stlth+}
MR     .....                    D - amulet of faith
Stlth  ..........               s - +3 ring of evasion
                                r - ring of see invisible

@: not resistant to hostile enchantments, extremely unstealthy
A: retaliatory headbutt, horns 3, slimy green scales 1, clever 1, mutation
resistance 1
a: Triple Draw, Deal Four, Stack Five, Renounce Religion


You were on level 14 of the Dungeon.
You worshipped Nemelex Xobeh.
Nemelex Xobeh was extremely pleased with you.
You were not hungry.

You visited 2 branches of the dungeon, and saw 15 of its levels.
You visited 1 bazaar.
You also visited: Ossuary.

You collected 975 gold pieces.
You spent 511 gold pieces at shops.

Inventory:

Hand Weapons
 e - a +5 long sword
 q - a +0 scimitar of holy wrath
 y - a +0 short sword of draining
 z - a +6 long sword (weapon)
 G - a +1 falchion of holy wrath
Missiles
 H - 7 javelins (quivered)
 S - 21 tomahawks
Armour
 d - a +0 buckler
 k - a +0 large shield (worn)
 E - a +1 cloak of poison resistance (worn)
 J - a +0 pair of boots of stealth (worn)
 L - a +0 pair of gloves (worn)
 M - a troll hide
 W - a steam dragon hide
 X - the +1 chain mail "Cual" (worn) {rPois Slay+4}
   (You found it on level 10 of the Dungeon)

   It affects your accuracy and damage with ranged weapons and melee attacks
   (+4).
   It protects you from poison.
Magical Staves
 x - an uncursed staff of cold {unknown}
Jewellery
 l - an uncursed ring of protection from cold
 r - a ring of see invisible (left hand)
 s - a +3 ring of evasion (right hand)
 t - a +3 ring of dexterity
 u - a +3 ring of strength
 v - an uncursed amulet of the gourmand
 D - an amulet of faith (around neck)
 K - an uncursed ring of wizardry {unknown}
Wands
 P - a wand of frost (24)
Scrolls
 f - a scroll of silence
 h - a scroll of amnesia
 i - 7 scrolls of recharging
 o - a scroll of magic mapping
 p - 7 scrolls of remove curse
 A - 2 scrolls of enchant armour
 C - a scroll of blinking
 O - a scroll of fear {unknown}
 R - 2 scrolls of fog
Potions
 g - 3 potions of brilliance
 n - 4 potions of lignification
 B - 6 potions of magic
Miscellaneous
 a - a legendary deck of war {drawn: 2}
 c - a lamp of fire
 w - a legendary deck of destruction {drawn: 6}
 F - a legendary deck of destruction {drawn: 6}
 I - a legendary deck of destruction {drawn: 5}
Comestibles
 b - 8 beef jerkies
 j - 7 meat rations
 m - 6 bread rations


   Skills:
 + Level 9.4 Fighting
 + Level 8.0(9.8) Short Blades
 + Level 9.7(11.1) Long Blades
 + Level 11.2 Throwing
 + Level 11.1 Armour
 + Level 11.3 Dodging
 + Level 3.5 Stealth
 + Level 8.2 Shields
 + Level 2.5 Evocations


You had 12 spell levels left.
You didn't know any spells.

Dungeon Overview and Level Annotations

Branches:
Dungeon (14/15)            Temple (0/1) D:6            Lair (0/8) D:10
    Orc (1/4) D:9          Vaults (0/5) D:14

Altars:
Ashenzari
Cheibriados
Dithmenos
Elyvilon
Fedhas
Makhleb
Nemelex Xobeh
Qazlal
Ru
Sif Muna
Vehumet
Xom
Zin
The Shining One

Shops:
Orc:1 [

Annotations:
D:8 exclusion: statue


Innate Abilities, Weirdness & Mutations

You reflexively headbutt those who attack you in melee.
You have a pair of large horns on your head.
You are partially covered in slimy green scales (AC +2).
Your mind is acute. (Int +2)
You are somewhat resistant to further mutation.


Message History

The bolt of lightning hits the storm dragon.
The storm dragon completely resists.
You slash the storm dragon! You headbutt the storm dragon!
The storm dragon is moderately wounded.
You block the storm dragon's attack.
The storm dragon claws you but does no damage.
You block the storm dragon's attack. The storm dragon barely misses you.
The storm dragon claws you but does no damage.
The storm dragon tramples you but does no damage.
You slash the storm dragon!
The storm dragon is heavily wounded.
The storm dragon bites you but does no damage.
The storm dragon claws you.
The storm dragon tramples you but does no damage.
You slash the storm dragon!
The storm dragon is heavily wounded.
The storm dragon breathes lightning at you.
The bolt of lightning hits you!
You die...
Your body glows with a rainbow of weird colours and disappears.

### ### #.####.#
#.....@#
#.####D# #.# #)#
#.# #.# .
###########.#
##.#####.#
..........#.#
#.........
#########.#.#
#......... #.#.#
#....(....
#.#.###........(


You could see a storm dragon.

Vanquished Creatures
  Erolcha (D:12)
  A hydra (D:11)
  The ghost of murphy the Pacifist, a novice DDFi of Elyvilon (D:12)
  2 dancing weapons (D:14)
  A tengu warrior (D:14)
  A centaur warrior (D:13)
  A queen ant (D:14)
  A wizard (D:12)
  3 unseen horrors
  3 hill giants
  3 manticores
  An ugly thing (D:13)
  A cyclops (D:13)
  A slime creature (D:14)
  4 gargoyles
  5 centaur skeletons
  A komodo dragon (D:14)
  A troll (D:14)
  A freezing wraith (D:14)
  2 tengu conjurers (D:14)
  5 two-headed ogres
  3 deep elf magi
  19 yaks
  2 hungry ghosts
  2 wyverns
  3 hippogriffs
  2 vampire mosquitoes (D:13)
  A steam dragon (D:10)
  3 water moccasins
  9 orc warriors
  3 sky beasts
  2 eyes of draining
  8 centaurs
  A necrophage (D:9)
  3 phantoms
  A boggart (D:9)
  11 ice beasts
  4 black bears
  An ogre (D:9)
  A crocodile (D:11)
  2 elf zombies (Ossuary)
  2 big kobolds
  5 giant frogs
  A wyvern zombie (D:6)
  A wyvern skeleton (D:4)
  7 killer bees
  5 scorpions
  20 wights
  A quasit (D:12)
  15 crimson imps
  3 giant frog zombies
  8 hounds
  A centaur zombie (D:12)
  9 orc priests
  5 iguanas
  3 giant frog skeletons
  4 jellies
  14 orc wizards
  Jessica (D:4)
  6 worker ants
  A big kobold zombie (Ossuary)
  5 mummies
  A shadow imp (D:5)
  14 adders
  3 oozes
  2 adder skeletons
  3 adder zombies
  4 worms
  11 giant geckos
  65 orcs
  9 giant cockroaches
  7 goblins
  5 hobgoblins
  4 jackals
  16 kobolds
  3 quokkas
  5 ball pythons
  3 bats
  A giant cockroach zombie (D:6)
  A giant gecko skeleton (D:6)
  6 giant newts
  A goblin zombie (Ossuary)
  A hobgoblin zombie (Ossuary)
  An orc zombie (Ossuary)
  A quokka skeleton (D:9)
  12 rats
  3 rat zombies (Ossuary)
420 creatures vanquished.

Vanquished Creatures (collateral kills)
  A giant frog (D:7)
  A big kobold zombie (Ossuary)
  A giant cockroach (D:3)
3 creatures vanquished.

Grand Total: 423 creatures vanquished

Notes
Turn   | Place    | Note
--------------------------------------------------------------
     0 | D:1      | Jobasha the Minotaur Gladiator began the quest for the Orb.
     0 | D:1      | Reached XP level 1. HP: 18/18 MP: 0/0
   141 | D:1      | Reached XP level 2. HP: 16/25 MP: 1/1
   272 | D:1      | Reached skill level 4 in Long Blades
   586 | D:1      | Reached XP level 3. HP: 30/30 MP: 2/2
   894 | D:2      | Found a faded altar to an unknown god.
   912 | D:2      | Became a worshipper of Nemelex Xobeh the Trickster
   912 | D:2      | Received a gift from Nemelex Xobeh
   912 | D:2      | Reached * piety under Nemelex Xobeh
  1071 | D:2      | Received a gift from Nemelex Xobeh
  1905 | D:3      | Reached XP level 4. HP: 37/37 MP: 3/3
  1950 | D:3      | Noticed a black bear
  1990 | D:2      | Reached skill level 1 in Armour
  2128 | D:3      | Received a gift from Nemelex Xobeh
  2230 | D:3      | Reached ** piety under Nemelex Xobeh
  2307 | D:2      | Reached XP level 5. HP: 23/44 MP: 4/4
  2504 | D:2      | Gained mutation: Your spells are a little easier to cast, but a little less powerful. [potion of mutation]
  2504 | D:2      | Gained mutation: You have a pair of large horns on your head. [potion of mutation]
  2852 | D:3      | Killed a black bear
  2852 | D:3      | Reached skill level 5 in Dodging
  3290 | D:4      | Reached XP level 6. HP: 41/51 MP: 5/5
  3435 | D:4      | Reached skill level 5 in Long Blades
  3620 | D:4      | Reached skill level 1 in Evocations
  3851 | D:4      | Reached skill level 1 in Stealth
  3903 | D:4      | Noticed Jessica
  3907 | D:4      | Killed Jessica
  3920 | D:4      | Found a deep blue altar of Sif Muna.
  4009 | D:4      | Reached XP level 7. HP: 59/59 MP: 6/6
  4041 | D:4      | Noticed a phantom
  4063 | D:4      | Killed a phantom
  4063 | D:4      | Reached skill level 6 in Dodging
  4358 | D:5      | Entered Level 5 of the Dungeon
  4473 | D:5      | Found a sand-covered staircase.
  4479 | Ossuary  | Entered an ossuary
  4479 | Ossuary  | Received a gift from Nemelex Xobeh
  5253 | D:5      | Reached skill level 1 in Short Blades
  5253 | D:5      | Reached XP level 8. HP: 67/67 MP: 7/7
  5256 | D:5      | Reached skill level 1 in Shields
  5946 | D:6      | Received a gift from Nemelex Xobeh
  5968 | D:6      | Reached skill level 5 in Fighting
  5995 | D:6      | Gained mutation: You are partially covered in slimy green scales (AC +2). [mutagenic meat]
  5996 | D:6      | Gained mutation: You are somewhat resistant to further mutation. [mutagenic meat]
  5999 | D:6      | Gained mutation: Your mind is acute. (Int +2) [mutagenic meat]
  6073 | D:6      | Reached skill level 5 in Armour
  6156 | D:6      | Reached *** piety under Nemelex Xobeh
  6210 | D:6      | Found a snail-covered altar of Cheibriados.
  6258 | D:6      | Reached skill level 7 in Dodging
  6456 | D:6      | Found a staircase to the Ecumenical Temple.
  6508 | D:6      | Found a glowing silver altar of Zin.
  6544 | D:6      | Found a shimmering altar of Xom.
  6750 | D:6      | Reached skill level 5 in Throwing
  7261 | D:7      | Reached XP level 9. HP: 57/74 MP: 8/8
  7563 | D:7      | Found a shadowy altar of Dithmenos.
  7563 | D:7      | Found a stormy altar of Qazlal.
  8176 | D:7      | Found a blossoming altar of Fedhas.
  8287 | D:7      | Noticed a centaur skeleton
  8302 | D:7      | Killed a centaur skeleton
  8451 | D:8      | Received a gift from Nemelex Xobeh
  8520 | D:8      | Reached skill level 8 in Dodging
  8576 | D:8      | Found a shattered altar of Ashenzari.
  8696 | D:8      | Found a sacrificial altar of Ru.
  8970 | D:8      | Found a radiant altar of Vehumet.
  8973 | D:8      | Reached **** piety under Nemelex Xobeh
  9480 | D:9      | Received a gift from Nemelex Xobeh
  9630 | D:9      | Found a burning altar of Makhleb.
  9693 | D:9      | Reached XP level 10. HP: 63/83 MP: 10/10
 10016 | D:9      | Found a staircase to the Orcish Mines.
 10929 | Orc:1    | Entered Level 1 of the Orcish Mines
 11320 | Orc:1    | Found Kiybrih's Armour Shop.
 11342 | Orc:1    | Received a gift from Nemelex Xobeh
 11368 | Orc:1    | Bought a +1 cloak of poison resistance for 175 gold pieces
 11368 | Orc:1    | Bought a +0 pair of boots of stealth for 149 gold pieces
 11774 | D:9      | Reached skill level 5 in Short Blades
 11784 | D:9      | Reached skill level 5 in Shields
 11849 | D:9      | Found a white marble altar of Elyvilon.
 12100 | D:9      | Reached skill level 9 in Dodging
 12374 | D:10     | Entered Level 10 of the Dungeon
 12486 | D:10     | Found a staircase to the Lair.
 12570 | D:10     | Reached XP level 11. HP: 72/90 MP: 11/11
 12813 | D:10     | Noticed a hill giant
 12826 | D:10     | Killed a hill giant
 12901 | D:10     | Got a steaming chain mail
 12912 | D:10     | Identified the +1 chain mail "Cual" {rPois Slay+4} (You found it on level 10 of the Dungeon)
 12972 | D:10     | Received a gift from Nemelex Xobeh
 13086 | D:10     | Noticed an unseen horror
 13095 | D:10     | Killed an unseen horror
 14069 | D:11     | Noticed a six-headed hydra
 14098 | D:11     | Killed a six-headed hydra
 14293 | D:11     | Noticed an unseen horror
 14297 | D:11     | Killed an unseen horror
 14453 | D:11     | Received a gift from Nemelex Xobeh
 14734 | D:12     | Noticed murphy's ghost (novice DDFi)
 14768 | D:12     | Killed murphy's ghost
 14968 | D:12     | Noticed a hill giant
 14981 | D:12     | Killed a hill giant
 15000 | D:12     | Noticed Erolcha
 15006 | D:12     | Killed Erolcha
 15006 | D:12     | Reached skill level 10 in Armour
 15006 | D:12     | Reached skill level 10 in Dodging
 15080 | D:12     | Reached XP level 12. HP: 80/103 MP: 12/12
 15140 | D:12     | Reached skill level 10 in Throwing
 15287 | D:12     | Paralysed by a wizard for 7 turns
 15363 | D:12     | Found a frozen archway.
 15467 | D:12     | Reached ***** piety under Nemelex Xobeh
 16208 | D:13     | Received a gift from Nemelex Xobeh
 16243 | D:13     | Lost mutation: Your spells are a little easier to cast, but a little less powerful. [mutagenic meat]
 16340 | D:13     | Noticed a centaur warrior
 16345 | D:13     | Killed a centaur warrior
 16477 | D:13     | Identified a scroll of acquirement
 17102 | D:14     | Received a gift from Nemelex Xobeh
 17201 | D:14     | Found a glowing golden altar of the Shining One.
 17395 | D:14     | Found a flickering gateway to a bazaar.
 17403 | D:14     | Reached skill level 11 in Throwing
 17410 | Bazaar   | Entered a bazaar
 17421 | Bazaar   | Found Ededanun's Antique Weapon Shoppe.
 17424 | Bazaar   | Found Vadurhir's Antique Weapon Emporium.
 17435 | Bazaar   | Found Direymm's Antique Armour Shoppe.
 17438 | Bazaar   | Found Qubivy's Antique Armour Emporium.
 17523 | Bazaar   | Bought a large shield for 99 gold pieces
 17555 | Bazaar   | Bought a runed scimitar for 88 gold pieces
 17704 | D:14     | Reached XP level 13. HP: 65/111 MP: 13/13
 18018 | D:14     | Found a gate to the Vaults.
 18197 | D:14     | Noticed a catoblepas
 18211 | D:14     | a catoblepas changed into a queen ant
 18351 | D:14     | Noticed a reaper
 18351 | D:14     | a soul eater changed into a reaper
 18623 | D:14     | Noticed a catoblepas
 18651 | D:14     | Noticed a storm dragon
 18651 | D:14     | a catoblepas changed into a storm dragon
 18656 | D:14     | Killed from afar by a storm dragon

Action                   |  1- 3 |  4- 6 |  7- 9 | 10-12 | 13-15 || total
-------------------------+-------+-------+-------+-------+-------++-------
Melee: Long sword        |    74 |    68 |    13 |       |    92 ||   247
       Short sword       |       |       |   332 |   529 |       ||   861
       Dagger            |       |       |    14 |     1 |       ||    15
       Falchion          |       |       |       |    92 |     8 ||   100
Throw: Throwing net      |       |     4 |     2 |     3 |     1 ||    10
       Tomahawk          |       |    18 |   104 |   107 |       ||   229
       Javelin           |       |       |       |   102 |    17 ||   119
Evoke: Deck              |     3 |     4 |     4 |    13 |     4 ||    28
  Use: Scroll            |     3 |     9 |    11 |     6 |       ||    29
       Potion            |       |     5 |    12 |     7 |       ||    24
 Stab: Distracted        |       |     1 |       |       |       ||     1
       Held in net/web   |       |       |     1 |       |       ||     1
       Sleeping          |       |       |       |     1 |       ||     1
       Petrified         |       |       |       |       |     2 ||     2
  Eat: Chunk             |     1 |    11 |    30 |    21 |     1 ||    64
       Bread ration      |     1 |       |       |     1 |       ||     2
       Pizza             |     1 |       |       |       |       ||     1
       Beef jerky        |       |     1 |       |       |       ||     1
